 Dungeon Crawl Stone Soup version 0.17.1-1-g73c8601 (webtiles) character file.

182 JustSomeDude the Sneak (level 5, 0/38 HPs)
             Began as a Demonspawn Assassin on Dec 16, 2015.
             Succumbed to a big kobold's poison
             ... in a sewer.
             The game lasted 00:11:42 (1775 turns).

JustSomeDude the Sneak (Demonspawn Assassin)        Turns: 1775, Time: 00:11:42

Health: 0/38       AC:  3    Str: 12    XL:     5   Next: 34%
Magic:  5/5        EV: 12    Int: 13    God:
Gold:   206        SH:  0    Dex: 14    Spells: 0 memorised, 4 levels left

rFire  . . .     SeeInvis .     k - +1 short sword (venom)
rCold  . . .     Clarity  .     c - +0 robe
rNeg   . . .     SustAt   .     (no shield)
rPois  .         Gourm    .     (helmet restricted)
rElec  .         Spirit   .     d - +0 cloak
rCorr  .         Warding  .     (no gloves)
rMut   .         Stasis   .     (no boots)
MR     .....                    (no amulet)
Stlth  ++........               (no ring)
                                (no ring)

@: lethally poisoned (0 -> -7), not resistant to hostile enchantments,
unstealthy
A: antennae 1, spiny 1
a: no special abilities


You were in a sewer.
You were completely stuffed.

You visited 1 branch of the dungeon, and saw 3 of its levels.
You also visited: Sewer.

You collected 206 gold pieces.

Inventory:

Hand Weapons
 a - a +2 dagger
 b - a +0 blowgun
 k - a +1 short sword of venom (weapon)
 l - a +0 hunting sling
Missiles
 e - 8 poisoned needles
 f - 2 curare-tipped needles
 m - 78 stones (quivered)
Armour
 c - a +0 robe (worn)
 d - a +0 cloak (worn)
Scrolls
 o - 2 scrolls of identify
 p - 2 scrolls of remove curse
Potions
 i - 3 potions of degeneration
Comestibles
 g - a bread ration
 r - 2 beef jerkies


   Skills:
 + Level 2.2 Fighting
 + Level 2.1 Short Blades
 + Level 2.3 Throwing
 + Level 2.1 Dodging
 + Level 5.4 Stealth


You had 4 spell levels left.
You didn't know any spells.

Dungeon Overview and Level Annotations

Branches:
Dungeon (3/15)

Altars:
Fedhas
The Shining One


Innate Abilities, Weirdness & Mutations

You have a pair of small antennae on your head.
You are partially covered in sharp spines.


Message History

You feel sick.
You finish eating.
That meat ration really hit the spot!
There is a lethal amount of poison in your body!
There is a lethal amount of poison in your body!
There is a lethal amount of poison in your body!
* * * LOW HITPOINT WARNING * * *
You feel sick.
You continue eating.
* * * LOW HITPOINT WARNING * * *
You feel sick.
You continue eating.
* * * LOW HITPOINT WARNING * * *
You feel sick.
You finish eating.
That meat ration really hit the spot!
You enter the shallow water.
Moving in this stuff is going to be slow.
* * * LOW HITPOINT WARNING * * *
You feel sick.
You see here a stone.
You die...

#≈###≈# #≈≈≈≈≈# ##≈≈≈##
#.≈.# #≈.≈# ##.≈≈#
##.≈≈.# ####### ##≈≈≈≈.#
#####(((≈.#
≈≈.≈≈≈########((@((#####
≈≈≈.####.....≈≈###.≈≈≈.#
..≈## #≈≈.≈≈≈≈≈# #######
≈.≈####≈≈...≈≈.###.≈≈≈.#
≈...##.≈≈.####≈≈≈†.#####
..≈.≈..≈.## #####.≈≈≈.#
≈.≈...≈.## #######
..≈≈≈≈≈≈# .≈≈.≈≈≈≈#


There were no monsters in sight!

Vanquished Creatures
  A big kobold (Sewer)
  3 adders
  A river rat (D:3)
  An ooze (Sewer)
  4 worms
  A ball python (D:1)
  2 giant cockroaches
  9 goblins
  4 hobgoblins
  7 jackals
  2 quokkas
  6 bats
  A giant gecko (D:3)
  4 giant newts
  7 kobolds
  7 rats
60 creatures vanquished.

Notes
Turn   | Place    | Note
--------------------------------------------------------------
     0 | D:1      | JustSomeDude the Demonspawn Assassin began the quest for the Orb.
     0 | D:1      | Reached XP level 1. HP: 16/16 MP: 1/1
    83 | D:1      | Found a glowing golden altar of the Shining One.
    89 | D:1      | Reached skill level 4 in Stealth
   150 | D:1      | Gained mutation: You are partially covered in sharp spines. [demonic ancestry]
   150 | D:1      | Reached XP level 2. HP: 17/22 MP: 2/2
   393 | D:1      | Reached skill level 1 in Dodging
   668 | D:2      | Reached XP level 3. HP: 27/27 MP: 3/3
  1095 | D:3      | Found a blossoming altar of Fedhas.
  1396 | D:3      | Found a glowing drain.
  1405 | D:3      | HP: 1/27 [poisoned by an adder]
  1409 | D:3      | Gained mutation: You have a pair of small antennae on your head. [demonic ancestry]
  1409 | D:3      | Reached XP level 4. HP: 1/33 MP: 4/4
  1441 | Sewer    | Entered a sewer
  1675 | Sewer    | Reached skill level 5 in Stealth
  1735 | Sewer    | Noticed a big kobold
  1762 | Sewer    | Killed a big kobold
  1762 | Sewer    | Reached XP level 5. HP: 18/38 MP: 5/5
  1774 | Sewer    | HP: 1/38 [poisoned by a big kobold]
  1775 | Sewer    | Succumbed to a big kobold's poison

Action                   |  1- 3 |  4- 6 || total
-------------------------+-------+-------++-------
Melee: Dagger            |    28 |       ||    28
       Short sword       |    65 |    14 ||    79
Throw: Stone             |     2 |     5 ||     7
       Tomahawk          |       |    33 ||    33
  Use: Potion            |     2 |     2 ||     4
       Scroll            |     2 |     1 ||     3
 Stab: Sleeping          |    14 |       ||    14
  Eat: Bread ration      |     1 |       ||     1
       Meat ration       |       |     2 ||     2
